 Dungeon Crawl Stone Soup version 0.28.0-53-g5a82cb258f (webtiles) character file.

Game seed: 2246623203988655396

202 issech the Chopper (level 5, -14/47 HPs)
             Began as a Minotaur Monk on May 24, 2022.
             Demolished by an ogre
             ... wielding a +0 giant spiked club
              (32 damage)
             ... on level 4 of the Dungeon.
             The game lasted 00:08:41 (2682 turns).

issech the Chopper (Minotaur Monk)                  Turns: 2682, Time: 00:08:41

Health: -14/47     AC: 11    Str: 15    XL:     5   Next: 50%
Magic:  4/4        EV:  5    Int:  7    God:
Gold:   183        SH:  0    Dex: 15    Spells: 4/4 levels left

rFire   . . .      SeeInvis .   a - +0 hand axe
rCold   . . .      Faith    .   (no shield)
rNeg    . . .      Spirit   .   i - +0 plate armour
rPois   .          Reflect  .   (helmet restricted)
rElec   .          Harm     .   (no cloak)
rCorr   .          Rampage  .   c - +0 pair of gloves
Will    .....                   (no boots)
Stlth   ..........              (no amulet)
HPRegen 0.15/turn               (no ring)
MPRegen 0.09/turn               (no ring)

@: no status effects
A: horns 2, retaliatory headbutt
a: no special abilities


You were on level 4 of the Dungeon.
You visited 1 branch of the dungeon, and saw 4 of its levels.

You collected 183 gold pieces.

Inventory:

Hand Weapons
 a - a +0 hand axe (weapon)
 e - a +0 flail
 l - a +0 quarterstaff
Missiles
 d - 24 arrows
 g - 33 stones
 h - 53 bolts
 n - 6 poisoned darts
 t - 8 boomerangs (quivered)
 v - 4 datura-tipped darts
Armour
 c - a +0 pair of gloves (worn)
 i - a +0 plate armour (worn)
 j - a +0 chain mail
 m - a +0 ring mail
 B - a +1 robe of willpower
 E - a +0 ring mail
Scrolls
 b - a scroll of summoning
 f - 2 scrolls of enchant armour {unknown}
 r - 4 scrolls of amnesia {unknown}
 s - a scroll of identify {unknown}
 x - a scroll of magic mapping {unknown}
 z - a scroll of teleportation {unknown}
 C - a scroll of fog {unknown}
 G - a scroll of immolation {unknown}
Potions
 k - a potion of haste {unknown}
 p - a potion of heal wounds {unknown}
 q - a potion of attraction {unknown}
 A - 2 potions of curing {unknown}


   Skills:
 + Level 4.7 Fighting
 + Level 5.4 Axes
 + Level 4.6 Dodging
 + Level 2.2 Stealth


You had 4 spell levels left.
You didn't know any spells.
Your spell library was empty.

Dungeon Overview and Level Annotations

Branches:
Dungeon (4/15)
 Temple: D:4-7

Altars:
Cheibriados
Trog

Shops:
D:3 !

Annotations:
D:2 Natasha


Innate Abilities, Weirdness & Mutations

You have a pair of horns on your head.
You reflexively headbutt those who attack you in melee.


Message History

Found Pupef's Distillery.
There is an open door here.
There is an entrance to Pupef's Distillery here.
You open the door. You open the door. You open the door.
You can access your shopping list by pressing '$'.
There is an open door here.
Found a stone staircase leading down.
Found a stone staircase leading up.
Done exploring.
Done exploring.
Done exploring.
There is a stone staircase leading down here.
You climb downwards.
Found a stone staircase leading up.
There is a stone staircase leading up here.
An ogre comes into view. It is wielding a +0 giant spiked club.
Found 17 bolts.
The ogre shouts!
You hear an angry hiss.
There is a stone staircase leading up here.
A ball python comes into view.
The ogre hits you with a +0 giant spiked club!!
There is a stone staircase leading up, spattered with blood here.
You hit the ogre but do no damage. You headbutt the ogre!
The ogre is moderately wounded.
You hit the ogre.
The ogre is heavily wounded.
The ogre hits you with a +0 giant spiked club.
You hit the ogre. You headbutt the ogre!
The ogre is severely wounded.
The ogre hits you but does no damage.
You hit the ogre.
The ogre is almost dead.
The ogre hits you with a +0 giant spiked club.
You hit the ogre but do no damage.
The ogre is almost dead.
The ogre hits you with a +0 giant spiked club!!
Ouch! That really hurt!
You die...

###########
#O@........
#S##.#######
... ..<.
...(........
#.#####........
.. #.#.####. .
#. .# #. .#


You could see an ogre and a ball python.

Vanquished Creatures
  Natasha (twice) (D:2)
  5 adders
  2 gnolls
  A worm (D:3)
  2 dart slugs
  An orc (D:3)
  5 endoplasms
  7 goblins
  7 hobgoblins
  6 jackals
  12 kobolds
  5 quokkas
  7 ball pythons
  7 bats
  4 frilled lizards
  8 rats
81 creatures vanquished.

Notes
Turn   | Place    | Note
-------+----------+-------------------------------------------
     0 | D:1      | issech the Minotaur Monk began the quest for the Orb.
     0 | D:1      | Reached XP level 1. HP: 19/19 MP: 0/0
   137 | D:1      | Reached XP level 2. HP: 19/27 MP: 1/1
   154 | D:1      | Reached skill level 4 in Axes
   343 | D:1      | Reached XP level 3. HP: 33/33 MP: 2/2
   762 | D:1      | Found a faded altar of an unknown god.
  1087 | D:2      | Noticed Natasha
  1115 | D:2      | Killed Natasha
  1116 | D:2      | Reached XP level 4. HP: 14/41 MP: 3/3
  1372 | D:2      | Noticed Natasha
  1391 | D:2      | Killed Natasha
  1392 | D:2      | Reached skill level 5 in Axes
  1601 | D:2      | Noticed Natasha
  1757 | D:2      | You fall into a shaft and drop 1 floor!
  1805 | D:3      | Reached XP level 5. HP: 47/47 MP: 4/4
  2399 | D:3      | Found a bloodstained altar of Trog.
  2524 | D:3      | Found a faded altar of an unknown god.
  2529 | D:3      | Found a snail-covered altar of Cheibriados.
  2609 | D:3      | Found Pupef's Distillery.
  2674 | D:4      | Noticed an ogre
  2682 | D:4      | Demolished by an ogre

Illustrated notes

Levels and vault maps discovered:
D:1:      onia_arrival_handbag, layout_rooms, basic_ecumenical_altar,
          minmay_misc_feat_chi, serial_bayou_pond_d
D:2:      layout_basic, ebering_dispersal_statue_hall, minmay_pentomino_pile,
          uniq_natasha
D:3:      minmay_skewed_foursquare, layout_basic, mainiacjoe_overflow_catwalk,
          nicolae_overflow_ecumenical_swirl, serial_shops,
          nicolae_shop_behind_doors
D:4:      kennysheep_kobold_camp, layout_basic, grunt_gozag_statues

Skill      XL: |  1  2  3  4 |
---------------+-------------+-----
Axes           | 4 5 |  5.4
Fighting       | 4 |  4.7
Dodging        | 4 |  4.6
Stealth        | 2 |  2.2

Action                   |  1- 3 |  4- 6 || total
-------------------------+-------+-------++-------
Melee: Hand axe          |    93 |    79 ||   172
       Headbutt          |    14 |    13 ||    27
       Punch             |     1 |       ||     1
Throw: Boomerang         |       |     3 ||     3
 Stab: Sleeping          |     1 |       ||     1
Armor: Robe              |    20 |     6 ||    26
       Plate armour      |       |    30 ||    30
Dodge: Dodged            |    90 |    41 ||   131
